 Dungeon Crawl Stone Soup version 0.31.0-10-gcf4a605ca0 (webtiles) character file.

Game seed: 9175987795027056394

52 RancidPinata the Sneak (level 3, 0/24 HPs)
             Began as a Gargoyle Delver on Jan 25, 2024.
             Slain by a gnoll
             ... wielding a +0 halberd
             ... led by a gnoll bouda
              (11 damage)
             ... on level 6 of the Dungeon.
             The game lasted 00:04:00 (635 turns).

RancidPinata the Sneak (Gargoyle Delver)             Turns: 635, Time: 00:04:01

Health: 0/24       AC:  8    Str: 17    XL:     3   Next: 85%
Magic:  3/3        EV: 11    Int: 10    God:
Gold:   17         SH:  0    Dex: 11    Spells: 2/2 levels left

rFire   . . .        a - +0 mace
rCold   . . .        (no shield)
rNeg    + . .        m - +0 ring mail
rPois   ∞            (no helmet)
rElec   +            (no cloak)
rCorr   .            (no gloves)
SInv    .            (no boots)
Will    .....        (no amulet)
Stlth   ++           (no ring)
HPRegen 0.24/turn    (no ring)
MPRegen 0.08/turn

%: no passive effects
@: no status effects
A: sickness immunity, AC +3, negative energy resistance 1, electricity
resistance, torment resistance 1, petrification resistance
a: no special abilities


You were on level 6 of the Dungeon.
You visited 1 branch of the dungeon, and saw 4 of its levels.

You collected 17 gold pieces.

Inventory:

Hand Weapons
 a - a +0 mace (weapon)
Missiles
 h - 6 boomerangs (quivered)
Armour
 b - a +0 leather armour
 k - a +0 scale mail
 m - a +0 ring mail (worn)
Wands
 g - a wand of digging (3)
Scrolls
 c - a scroll of fog
 d - a scroll of revelation
 e - a scroll of fear
 i - a scroll of enchant weapon {unknown}
 l - a scroll of silence {unknown}
Potions
 f - 2 potions of haste
 j - a potion of attraction {unknown}


   Skills:
 * Level 3.9 Fighting
 + Level 2.3 Maces & Flails
 * Level 1.7 Armour
 + Level 1.9 Dodging
 + Level 5.7 Stealth


You had 2 spell levels left.
You didn't know any spells.
Your spell library was empty.

Dungeon Overview and Level Annotations

Branches:
Dungeon (7/15)
 Temple: D:4-7

Altars:

Shops:
D:5 !

Annotations:
D:5 Menkaure


Innate Abilities, Weirdness & Mutations

You are immune to sickness and miasma.
Your stone body is resilient. (AC +3)
You are immune to poison.
You resist negative energy. (rN+)
You are resistant to electric shocks. (rElec)
You are resistant to unholy torment.
You are immune to petrification.


Message History

An adder comes into view.
The adder hisses angrily.
The adder bites you.
You closely miss the adder. The adder bites you but does no damage.
You closely miss the adder.
The adder bites you but does no damage. x2
You miss the adder. The adder barely misses you.
The adder bites you but does no damage.
You barely miss the adder. The adder bites you.
You completely miss the adder.
The adder bites you but does no damage. x2
You miss the adder. The adder closely misses you.
The adder bites you but does no damage.
You hit the adder but do no damage. The adder bites you.
The adder closely misses you.
You miss the adder. The adder barely misses you.
You closely miss the adder. The adder bites you. The adder misses you.
You miss the adder. The adder misses you. The adder closely misses you.
You hit the adder.
The adder is lightly wounded.
The adder completely misses you.
You thump the adder!
The adder is almost dead.
The adder barely misses you. The adder bites you but does no damage.
You hit the adder.
You kill the adder!
You start resting.
HP restored.
You open the door.
There is an open door here.
Found a ring mail. 3 gnolls come into view.
The gnoll shouts! x2; You hear a shout! x2
The gnoll hits you from afar with a +0 halberd!
Ouch! That really hurt!
The gnoll attacks as it pursues you!
The gnoll hits you from afar with a +0 halberd.
The gnoll attacks as it pursues you!
The gnoll hits you from afar with a +0 halberd.
The gnoll attacks as it pursues you!
The gnoll hits you from afar with a +0 halberd!
You die...

#.#####.........
#####.............##
#..g.#.......#....#
#g##[#g####.##.####
#.##.#...>#.# .#
#.##.#...÷#.# .# ###
#g##.#...g#.##.# gg
#.##.#.........# #.
#.##.#.##@##...#
#.##.##.#.##.# ...#
#g...##.#.##.# ..
#######.#.##.#
#.#.##.. #.#.####
#.#.##### ##########
#.#.....# #........#
#.###.### #........#


You could see 2 gnolls.

Vanquished Creatures
  An iguana (D:6)
  2 adders (D:6)
  A dart slug (D:5)
  3 orcs (D:5)
7 creatures vanquished.

Notes
Turn   | Place    | Note
-------+----------+-------------------------------------------
     0 | D:5      | RancidPinata the Gargoyle Delver began the quest for the
                  | Orb.
     0 | D:5      | Reached XP level 1. HP: 14/14 MP: 1/1
   159 | D:6      | Reached skill level 1 in Armour
   159 | D:6      | Reached XP level 2. HP: 10/19 MP: 2/2
   214 | D:6      | Noticed a centaur
   267 | D:5      | Noticed Menkaure
   300 | D:5      | Found Temefuok's Distillery.
   412 | D:7      | Noticed a scorpion
   425 | D:6      | Reached XP level 3. HP: 2/24 MP: 3/3
   635 | D:6      | Slain by a gnoll

Illustrated notes

Levels and vault maps discovered:
D:4:      layout_gridville, grunt_temple_overflow_open,
          kennysheep_generic_room_3
D:5:      layout_layer_cave, serial_shops, nicolae_shop_tiny_statue_garden,
          uniq_menkaure, uniq_prince_ribbit1
D:6:      layout_basic
D:7:      layout_rooms, lemuel_temple_firewalk_b

Skill      XL: |  1 |
---------------+----+-----
Armour         | 1 |  1.7
Fighting       | |  3.9
Maces & Flails | |  2.3
Dodging        | |  1.9
Stealth        | |  5.7

Action                     || total
---------------------------++-------
  Melee: Mace              ||    42
         Punch             ||     1
   Stab: Sleeping          ||     1
 Armour: Leather armour    ||    17
         Ring mail         ||    20
  Dodge: Dodged            ||    29
